 Dungeon Crawl Stone Soup version 0.31-a0-188-g5e087ee2ca (webtiles) character file.

Game seed: 15101161032524087984

112 qw the Skirmisher (level 4, -1/25 HPs)
             Began as a Deep Elf Hunter on June 23, 2023.
             Killed by divine providence
             ... invoked by an orc priest
              (10 damage)
             ... on level 4 of the Dungeon.
             The game lasted 00:00:49 (1674 turns).

qw the Skirmisher (Deep Elf Hunter)                 Turns: 1674, Time: 00:00:49

Health: -1/25      AC:  6    Str: 10    XL:     4   Next: 63%
Magic:  6/6        EV: 11    Int: 14    God:
Gold:   105        SH:  0    Dex: 22    Spells: 3/3 levels left

rFire   . . .        Y - +2 shortbow
rCold   . . .        (shield currently unavailable)
rNeg    . . .        a - +0 ring mail
rPois   .            (no helmet)
rElec   .            b - +0 cloak of Pessimism {Dex+4}
rCorr   .            (no gloves)
SInv    .            (no boots)
Will    .....        (no amulet) Stlth
                     (no ring)
HPRegen 0.24/turn    (no ring)
MPRegen 0.10/turn

%: no passive effects
@: confused
A: no striking features
a: no special abilities


You were on level 4 of the Dungeon.
You visited 1 branch of the dungeon, and saw 4 of its levels.

You collected 105 gold pieces.


   Skills:
 - Level 1.5 Fighting
 + Level 8.1 Ranged Weapons
 - Level 2.4 Dodging
 - Level 1.2 Stealth


You had 3 spell levels left.
You didn't know any spells.
Your spell library was empty.

Inventory:

Hand Weapons
 Y - a +2 shortbow (weapon)
Armour
 a - a +0 ring mail (worn)
 b - the +0 cloak of Pessimism (worn) {Dex+4}
   (You found it on level 2 of the Dungeon)

   Dex:       It affects your dexterity (+4).
Potions
 c - a potion of cancellation {unknown}
 d - a potion of magic {unknown}
 h - a potion of resistance {unknown}
 i - a potion of curing {unknown}
 j - a potion of haste
 l - a potion of invisibility {unknown}

Dungeon Overview and Level Annotations

Branches:
Dungeon (4/15)
 Temple: D:4-7

Altars:
Gozag
Kikubaaqudgha
The Shining One


Message History

The orc shouts!
An orc priest comes into view. It is wielding a +0 mace.
A kobold comes into view.
It is wielding a +0 club and quivering poisoned darts.
Enter note:
Enter note: You shoot an arrow.
The arrow hits the orc.
The orc is heavily wounded.
An orc wizard comes into view. It is wielding a +0 dagger.
You shoot an arrow. The arrow hits the orc.
You kill the orc!
An orc comes into view. It is wielding a +0 dagger.
A dart slug comes into view.
An orc comes into view. It is wielding a +4 flail.
An orc comes into view. It is wielding a +0 short sword.
You shoot an arrow. The orc shouts! x2
The arrow hits the orc.
You kill the orc!
The orc priest begins to cast a cantrip, but forgets the words!
An orc comes into view. It is wielding a +0 flail.
You shoot an arrow. The orc shouts!
The arrow hits the kobold!
You kill the kobold!
You hear a shout!
The orc priest invokes the aid of Beogh against you.
Beogh smites you! The orc wizard casts a spell at you.
You are confused.
The orc priest mumbles some strange prayers to Beogh against you.
Pain shoots through your body!
An orc wizard comes into view. It is wielding a +2 dagger of venom.
The orc priest looks encouraged for a moment.
An orc wizard comes into view. It is wielding a +0 dagger.
The orc wizard hits you but does no damage.
The orc wizard gestures at you while chanting.
You are more confused.
The orc priest mumbles some strange prayers to Beogh against you.
Beogh smites you!
You die...

........... ..........
...<..o..? .....oo..
......... ## #ow......
.### ##o..oo... ...##
##.@....... ....####
###..).......
.......#####...#........
.............####.......
.<....##..#### ....:..
......##..# .......
.......#.## .......
.......#.# .......
.%.......# ...#


You could see an orc priest, 3 orc wizards, a dart slug and 3 orcs.

Vanquished Creatures
  Terence (D:3)
  2 adders
  4 dart slugs
  2 orcs (D:4)
  5 ball pythons
  4 endoplasms
  3 giant cockroaches
  4 goblins
  10 hobgoblins
  3 jackals (D:1)
  3 kobolds
  A quokka (D:2)
  7 bats
  4 frilled lizards
  7 rats
60 creatures vanquished.

Notes
Turn   | Place    | Note
-------+----------+-------------------------------------------
     0 | D:1      | qw the Deep Elf Hunter began the quest for the Orb.
     0 | D:1      | Reached XP level 1. HP: 12/12 MP: 3/3
     0 | D:1      | 0 ||| qw: Version: 0.3-a-9-g12657ce
     0 | D:1      | 0 ||| qw: Game counter: 4421
     0 | D:1      | 0 ||| qw: Always use a shield: true
     0 | D:1      | 0 ||| qw: God list: Okawaru
     0 | D:1      | 0 ||| qw: Allow faded altars: false
     0 | D:1      | 0 ||| qw: Do Orc after D:15 true
     0 | D:1      | 0 ||| qw: Do second Lair branch before Depths: true
     0 | D:1      | 0 ||| qw: Lair rune preference: random
     0 | D:1      | 0 ||| qw: Plans: Normal
     0 | D:1      | 0 ||| PLANNING D:1-11
    83 | D:1      | Reached XP level 2. HP: 16/16 MP: 4/4
    87 | D:1      | Reached skill level 6 in Ranged Weapons
   368 | D:1      | 368 ||| READING scroll labelled DOIMENNOASS.
   369 | D:1      | 369 ||| DROPPING scroll of butterflies.
   408 | D:2      | 408 ||| FLEEEEING.
   411 | D:2      | 411 ||| STAIRDANCE
   423 | D:2      | Reached XP level 3. HP: 20/20 MP: 5/5
   633 | D:2      | Identified the +0 cloak of Pessimism {Dex+4}
   838 | D:2      | Reached skill level 7 in Ranged Weapons
  1041 | D:2      | Found an opulent altar of Gozag.
  1150 | D:2      | 1150 ||| UPGRADING to +0 ring mail.
  1160 | D:2      | 1160 ||| UPGRADING to +0 cloak of Pessimism {Dex+4}.
  1165 | D:2      | 1165 ||| DROPPING +0 leather armour.
  1166 | D:2      | 1166 ||| READING scroll labelled QENODW BUASM.
  1167 | D:2      | 1167 ||| READING scroll labelled SESONLOROE.
  1168 | D:2      | 1168 ||| DRINKING 2 pink potions.
  1195 | D:2      | 1195 ||| DROPPING potion of lignification.
  1301 | D:3      | Noticed Terence
  1308 | D:3      | Killed Terence
  1309 | D:3      | Reached XP level 4. HP: 21/25 MP: 6/6
  1309 | D:3      | 1309 ||| FLEEEEING.
  1310 | D:3      | 1310 ||| FLEEEEING.
  1311 | D:3      | 1311 ||| FLEEEEING.
  1312 | D:3      | 1312 ||| FLEEEEING.
  1313 | D:3      | 1313 ||| FLEEEEING.
  1314 | D:3      | 1314 ||| FLEEEEING.
  1461 | D:3      | Found a glowing golden altar of the Shining One.
  1522 | D:3      | Found an ancient bone altar of Kikubaaqudgha.
  1605 | D:3      | 1605 ||| READING scroll labelled EMPAOK YHEWURGH.
  1606 | D:3      | 1606 ||| READING scroll labelled VESTRO MAOP.
  1607 | D:3      | 1607 ||| READING 2 scrolls labelled HOCRIC QEOFU.
  1608 | D:3      | 1608 ||| READING scroll of enchant weapon.
  1608 | D:3      | 1608 ||| ENCHANTING +1 shortbow.
  1609 | D:3      | 1609 ||| DRINKING 2 sedimented grey potions.
  1610 | D:3      | 1610 ||| DRINKING 2 blue potions.
  1611 | D:3      | 1611 ||| DROPPING potion of attraction.
  1616 | D:4      | Found Kapsoin's Weapon Emporium.
  1625 | D:4      | Reached skill level 8 in Ranged Weapons
  1674 | D:4      | Killed from afar by an orc priest

Levels and vault maps discovered:
D:1:      minmay_arrival_up_and_down, layout_rooms
D:2:      layout_basic, basic_altar
D:3:      layout_rooms, lemuel_doored_altar, tso_oasis_becter, uniq_terence
D:4:      layout_cave_pods, mainiacjoe_overflow_six_doors_small,
          kennysheep_mini_moat, jmf_multi_god_temple2, serial_shops, shop,
          minmay_stone_trees_small

Skill      XL: |  1  2  3  4 |
---------------+-------------+-----
Ranged Weapons | 6 7 8 |  8.1
Fighting       | |  1.5
Dodging        | |  2.4
Stealth        | |  1.2

Action                     |  1- 3 |  4- 6 || total
---------------------------+-------+-------++-------
   Fire: Shortbow          |   130 |    18 ||   148
    Use: Scroll            |     3 |     4 ||     7
         Potion            |     1 |     2 ||     3
 Armour: Leather armour    |    11 |       ||    11
         Ring mail         |       |     1 ||     1
  Dodge: Dodged            |    27 |       ||    27

Table legend:
 A = Non-vault XP
 B = Vault XP
 C = Vault XP percentage of total XP
 D = Non-vault monster count
 E = Vault monster count
 F = Vault count percentage of total count
                 A         B        C        D         E       F
            +---------+---------+-------+---------+---------+-------
      Total |     128 |      32 |  20.0 |      59 |       1 |   1.7
            +---------+---------+-------+---------+---------+-------
        D:1 |      40 |       0 |   0.0 |      24 |       0 |   0.0
        D:2 |      49 |       0 |   0.0 |      21 |       0 |   0.0
        D:3 |      26 |      32 |  55.2 |       8 |       1 |  11.1
        D:4 |      13 |       0 |   0.0 |       6 |       0 |   0.0
            +---------+---------+-------+---------+---------+-------
